 Dungeon Crawl Stone Soup version 0.30-a0-377-g5cb311bc9f (webtiles) character file.

Game seed: 1029674076627323904

1493 qeuew the Trooper (level 9, -2/71 HPs)
             Began as a Formicid Fighter on Nov 28, 2022.
             Was a Priest of Nemelex Xobeh.
             Slain by a gnoll sergeant
             ... wielding a +5 spear of venom
              (5 damage)
             ... on level 5 of the Dungeon.
             The game lasted 00:06:34 (3975 turns).

qeuew the Trooper (Formicid Fighter)                Turns: 3975, Time: 00:06:34

Health: -2/71      AC:  8    Str: 25    XL:     9   Next: 8%
Magic:  13/13      EV: 11    Int:  8    God:    Nemelex Xobeh [***...]
Gold:   204        SH:  0    Dex: 13    Spells: 8/8 levels left

rFire   . . .      SeeInvis +    a - +0 war axe
rCold   . . .      Faith    .    c - +0 buckler
rNeg    . . .      Spirit   .    b - +1 scale mail
rPois   .          Reflect  .    (helmet unavailable)
rElec   .          Harm     .    (no cloak)
rCorr   .          Rampage  .    (no gloves)
Will    .....                    (no boots)
Stlth   ..........               (no amulet)
HPRegen 0.31/turn                (no ring)
MPRegen 0.13/turn                (no ring)

@: confused, lethally poisoned (-2 -> -29), ambrosia-drunk, unable to read
A: permanent stasis, dig shafts and tunnels, antennae 3, four strong arms,
talons 1, inability to read after injury 1
a: Dig, Shaft Self, Renounce Religion, Draw Escape, Draw Destruction, Draw
Summoning, Triple Draw


You were on level 5 of the Dungeon.
You worshipped Nemelex Xobeh.
Nemelex Xobeh was most pleased with you.
You visited 1 branch of the dungeon, and saw 5 of its levels.
You also visited: Ossuary.

You collected 204 gold pieces.

Inventory:

Hand Weapons
 a - a +0 war axe (weapon)
 e - the +9 sling of Guur Xav {elec, Dex+7}
   (You found it on level 3 of the Dungeon)

   Any ammunition fired from it occasionally discharges a powerful burst of
   electricity upon striking a foe.
   Dex:       It affects your dexterity (+7).
Armour
 b - a +1 scale mail (worn)
 c - a +0 buckler (worn)
Scrolls
 g - a scroll of identify
 k - a scroll of enchant armour
Potions
 d - a potion of cancellation
 f - a potion of magic
 j - a potion of brilliance
 l - a potion of flight


   Skills:
 * Level 6.6 Fighting
 + Level 4.0 Axes
 + Level 2.6 Ranged Weapons
 + Level 5.1 Armour
 + Level 2.9 Dodging
 + Level 6.3 Shields
 * Level 5.7 Invocations


You had 8 spell levels left.
You didn't know any spells.
Your spell library contained the following spells:

 Spells                   Type           Power      Damage    Failure   Level
 Apportation              Tloc           0%         N/A       75%         1
 Magic Dart               Conj           0%         1d3       75%         1
 Call Imp                 Summ           0%         N/A       87%         2
 Cigotuvi's Dreadful Rot  Necr/Pois/Air  0%         N/A       87%         2
 Poisonous Vapours        Pois/Air       0%         N/A       87%         2
 Gell's Gravitas          Tloc           0%         N/A       98%         3
 Mephitic Cloud           Conj/Pois/Air  0%         N/A       98%         3
 Teleport Other           Tloc           0%         N/A       98%         3
 Alistair's Intoxication  Tmut/Pois      0%         N/A       100%        5
 Dispersal                Tloc           0%         N/A       100%        6


Dungeon Overview and Level Annotations

Branches:
Dungeon (5/15)             Temple (0/1) D:5         Ossuary (visited)

Altars:
Fedhas
Nemelex Xobeh
Okawaru
Zin


Innate Abilities, Weirdness & Mutations

You cannot be hasted, slowed, berserked, paralysed or teleported.
You can dig through walls and to a lower floor.
You have a pair of large antennae on your head. (SInv)
Your four strong arms can wield two-handed weapons with a shield.
You have sharp toenails.
You occasionally lose the ability to read scrolls when taking damage.


Message History

The gnoll sergeant is almost dead.
You hear a shout!
The gnoll sergeant barely misses you.
You shoot a sling bullet.
The gnoll sergeant blocks the sling bullet.
The gnoll sergeant hits you from afar with a +5 spear of venom!
You are poisoned.
The gnoll hits you with a +0 flail.
The gnoll sergeant hits you from afar with a +5 spear of venom.
You are more poisoned.
The +9 sling of Guur Xav {elec, Dex+7} stops crackling.
a - a +0 war axe (weapon)
You feel very sick.
You slash the gnoll! You claw the gnoll.
You kill the gnoll!
You feel very sick. The gnoll sergeant misses you.
The gnoll sergeant hits you from afar with a +5 spear of venom!
You feel threatened and lose the ability to read scrolls!
You are more poisoned.
You feel extremely sick.
The gnoll sergeant hits you with a +5 spear of venom.
* * * LOW HITPOINT WARNING * * *
You are more poisoned.
Things that are here:
a +0 flail; a gnoll corpse You barely miss the gnoll sergeant.
The gnoll sergeant is almost dead.
* * * LOW HITPOINT WARNING * * *
You feel extremely sick.
The gnoll sergeant hits you with a +5 spear of venom.
* * * LOW HITPOINT WARNING * * *
You are more poisoned.
You are confused.
You feel invigorated.
* * * LOW HITPOINT WARNING * * *
You feel extremely sick.
The gnoll sergeant hits you with a +5 spear of venom.
You die...
Your body glows slightly and disappears.

#.# #.#
#.# #.#
#.# #.#
{ #)#
#)#####
#@....#
#g.##.#
)....
#...#..#
..#.####
#.# ..
.. ##
...


You could see a gnoll sergeant.

Vanquished Creatures
  Grinder (D:3)
  Sigmund (D:2)
  An ice beast (D:5)
  A sky beast (D:4)
  2 ogres (D:4)
  A centaur (D:4)
  A phantom (D:4)
  3 centaur zombies (Ossuary)
  Crazy Yiuf (D:4)
  2 hounds
  A jelly (D:5)
  An iguana (D:5)
  6 mummies (Ossuary)
  5 adders
  13 gnolls
  A worm (D:3)
  4 orcs
  5 endoplasms
  2 giant cockroaches (D:3)
  8 goblins
  3 hobgoblins
  11 jackals
  3 quokkas
  7 ball pythons
  4 bats
  2 frilled lizards (D:1)
  A hobgoblin zombie (Ossuary)
  5 kobolds
  5 rats
101 creatures vanquished.

Vanquished Creatures (collateral kills)
  2 centaur zombies (Ossuary)
  A hobgoblin zombie (Ossuary)
3 creatures vanquished.

Grand Total: 104 creatures vanquished

Notes
Turn   | Place    | Note
-------+----------+-------------------------------------------
     0 | D:1      | qeuew the Formicid Fighter began the quest for the Orb.
     0 | D:1      | Reached XP level 1. HP: 18/18 MP: 1/1
   249 | D:1      | Reached XP level 2. HP: 19/24 MP: 2/2
   302 | D:1      | Found a faded altar of an unknown god.
   318 | D:1      | Prayed at the altar of an unknown god.
   318 | D:1      | Became a worshipper of Nemelex Xobeh the Trickster
   318 | D:1      | Reached * piety under Nemelex Xobeh
   318 | D:1      | Received a gift from Nemelex Xobeh
   806 | D:2      | Found the +7 staff of the Meek {protect, meekguard}
   816 | D:2      | Reached XP level 3. HP: 29/29 MP: 3/3
   871 | D:2      | Noticed Sigmund
   880 | D:2      | Killed Sigmund
   881 | D:2      | Reached skill level 1 in Dodging
   881 | D:2      | Reached XP level 4. HP: 19/38 MP: 3/5
   881 | D:2      | Reached XP level 5. HP: 22/43 MP: 3/6
  1129 | D:2      | Reached XP level 6. HP: 49/49 MP: 6/8
  1588 | D:3      | Found an iron altar of Okawaru.
  1591 | D:3      | Found a glowing silver altar of Zin.
  1693 | D:3      | Reached ** piety under Nemelex Xobeh
  1716 | D:3      | Reached skill level 5 in Shields
  1784 | D:3      | Identified the +9 sling of Guur Xav {elec, Dex+7}
  1990 | D:3      | Noticed Grinder
  2003 | D:3      | Killed Grinder
  2004 | D:3      | Reached skill level 5 in Fighting
  2004 | D:3      | Reached XP level 7. HP: 20/56 MP: 9/9
  2480 | D:4      | Reached skill level 1 in Ranged Weapons
  2549 | D:4      | Found a blossoming altar of Fedhas.
  2607 | D:4      | Reached XP level 8. HP: 43/63 MP: 11/11
  2667 | D:4      | Found a sand-covered staircase.
  2672 | Ossuary  | Entered an ossuary
  2712 | Ossuary  | Reached skill level 5 in Invocations
  2891 | Ossuary  | Gained mutation: You have hidden genetic defects. [potion
                  | of mutation]
  2891 | Ossuary  | Gained mutation: You are partially covered in large bone
                  | plates. (SH +4) [potion of mutation]
  2891 | Ossuary  | Gained mutation: Your muscles are strong. (Str +4, Int/Dex
                  | -1) [potion of mutation]
  3051 | D:4      | Received a gift from Nemelex Xobeh
  3629 | D:4      | Found a runed translucent door.
  3630 | D:4      | Noticed Crazy Yiuf
  3637 | D:4      | Killed Crazy Yiuf
  3657 | D:4      | Lost mutation: Your muscles are strong. (Str +4, Int/Dex
                  | -1) [hidden defects]
  3664 | D:4      | Lost mutation: You are partially covered in large bone
                  | plates. (SH +4) [potion of mutation]
  3664 | D:4      | Lost mutation: You have hidden genetic defects. [potion of
                  | mutation]
  3664 | D:4      | Gained mutation: You occasionally lose the ability to read
                  | scrolls when taking damage. [potion of mutation]
  3664 | D:4      | Gained mutation: You have sharp toenails. [potion of
                  | mutation]
  3724 | D:5      | Entered Level 5 of the Dungeon
  3776 | D:5      | Found a staircase to the Ecumenical Temple.
  3847 | D:5      | Reached XP level 9. HP: 64/71 MP: 8/13
  3851 | D:5      | Reached skill level 5 in Armour
  3964 | D:5      | Reached *** piety under Nemelex Xobeh
  3975 | D:5      | HP: 3/71 [poisoned by a gnoll sergeant]
  3975 | D:5      | Slain by a gnoll sergeant

Illustrated notes

Levels and vault maps discovered:
D:1:      dpeg_arrival_shrine, layout_basic, basic_ecumenical_altar,
          minmay_liquid_box, interstate_on_off
D:2:      layout_loops_cross, serial_forest, infiniplex_forest_clump_small,
          infiniplex_forest_lined_room_3, infiniplex_forest_clump_double,
          infiniplex_forest_zigzag_1, infiniplex_forest_end_1, uniq_sigmund
D:3:      layout_loops_ring, nicolae_overflow_hidden_temple, uniq_grinder
D:4:      layout_loops_corners, lemuel_doored_altar, enter_ossuary_5,
          grunt_ministairs_4, uniq_crazy_yiuf_cottage
D:5:      minmay_octagon_keep, layout_basic, minmay_temple_entry_glassed_door

Skill      XL: |  1  2  3  4  5  6  7  8  9 |
---------------+----------------------------+-----
Fighting       | 4 5 6 |  6.6
Dodging        | 1 2 |  2.9
Invocations    | 2 3 4 5 |  5.7
Shields        | 5 6 |  6.3
Axes           | 3 4 |  4.0
Armour         | 4 5 |  5.1
Ranged Weapons | 1 2 |  2.6

Action                   |  1- 3 |  4- 6 |  7- 9 || total
-------------------------+-------+-------+-------++-------
Melee: War axe           |    69 |    68 |    54 ||   191
       Kick              |       |       |     9 ||     9
 Fire: Sling             |       |     9 |    81 ||    90
Invok: Draw Destruction  |       |       |     4 ||     4
       Draw Summoning    |       |       |     1 ||     1
  Use: Potion            |     3 |     2 |     7 ||    12
       Scroll            |     3 |     2 |     5 ||    10
 Stab: Distracted        |       |       |     1 ||     1
Armor: Scale mail        |    48 |    38 |    57 ||   143
Dodge: Dodged            |    42 |    35 |    68 ||   145
Block: Buckler           |    24 |    18 |    30 ||    72

Table legend: (Time is in decaauts)
 A = Elapsed time spent in this place.
 B = Non-inter-level travel time spent in this place.
 C = Inter-level travel time spent in this place.
 D = Time resting spent in this place.
 E = Time spent auto-exploring this place.
 F = Levels seen in this place.
 G = Mean time per level.
                   A        B        C        D        E       F      G
               +--------+--------+--------+--------+--------+-----+--------+
         Total |   4085 |   3837 |    248 |    117 |   2969 |   6 |  680.8 |
       Dungeon |   3855 |   3607 |    248 |    117 |   2800 |   5 |  771.0 |
       Ossuary |    230 |    230 |      0 |      0 |    169 |   1 |  230.0 |
               +--------+--------+--------+--------+--------+-----+--------+

Top non-repeatable levels by time:
     D:4: 1094 daAuts
     D:3: 880 daAuts
     D:1: 880 daAuts
     D:2: 734 daAuts
     D:5: 266 daAuts
 Ossuary: 230 daAuts
